AoeStats
← Avalentino

Black Forest

508435793Analyzed
3v3 RM · 10d ago on Sep 22, 2026· 54m 12s· 6 players
Game mode
Random Map
Map size
Normal (6 player)
Population
200
Speed
Normal
Resources
Standard
Victory
Conquest
Starting age
Dark Age
Ending age
Imperial Age
RankedLock teamsTeams togetherTeam positionsShared explorationLock speedFull tech treeHidden civsTurbo modeCheats
Victory
Defeat
🇭🇰 Magyars · Hong Kong SAR China
1099
+15
🇨🇳 Persians · China
1040
+17
🇨🇳 Britons · China
1019
+18
🇦🇷 Britons · Argentina
1142
-19
🇲🇴 Japanese · Macao SAR China
1089
-18
🇲🇴 Italians · Macao SAR China
979
-13
EinzbernMK
2:16 Loom
13:31 Feudal Age
15:30 Double-Bit Axe
15:28 Horse Collar
18:05 Scale Barding Armor
23:06 Castle Age
23:45 Bloodlines
25:05 Wheelbarrow
30:22 Husbandry
30:24 Gold Mining
31:39 Herbal Medicine
34:41 Imperial Age
32:30 Hand Cart
32:55 Fletching
33:10 Corvinian Army
33:52 Chain Barding Armor
34:13 Elite Skirmisher
34:56 Padded Archer Armor
35:03 Bodkin Arrow
37:40 Chemistry
38:22 Conscription
38:52 Bracer
39:08 Leather Archer Armor
39:25 Parthian Tactics
39:44 Bow Saw
39:53 Thumb Ring
39:11 Heavy Cavalry Archer
40:15 Ballistics
39:36 Treadmill Crane
41:07 Ring Archer Armor
41:13 Conscription
43:25 Gold Shaft Mining
43:41 Plate Barding Armor
44:22 Recurve Bow
45:39 Hoardings
46:12 Two-Man Saw
46:51 Siege Engineers
47:39 Coinage
YLING
10:39 Feudal Age
10:12 Loom
18:03 Double-Bit Axe
18:00 Horse Collar
25:10 Castle Age
23:56 Fletching
24:07 Padded Archer Armor
25:30 Wheelbarrow
26:32 Bow Saw
25:49 Crossbowman
27:02 Heavy Plow
28:55 Hand Cart
32:33 Ballistics
35:09 Imperial Age
33:56 Gold Mining
34:55 Bodkin Arrow
35:15 Leather Archer Armor
36:32 Conscription
37:15 Yeomen
36:22 Arbalester
37:45 Gold Shaft Mining
38:56 Ring Archer Armor
38:26 Bracer
40:07 Chemistry
40:44 Warwolf
49:53 Capped Ram
526875959
7:26 Loom
9:59 Feudal Age
14:21 Castle Age
12:27 Double-Bit Axe
15:43 Bow Saw
20:01 Fishing Lines
22:27 Wheelbarrow
21:44 Horse Collar
22:34 Gillnets
23:15 Town Watch
25:13 Heavy Plow
25:07 Stone Mining
27:26 Hand Cart
27:06 Gold Mining
32:22 Imperial Age
30:05 Forging
30:01 Scale Barding Armor
31:40 Iron Casting
32:35 Chain Barding Armor
33:03 Conscription
33:46 Blast Furnace
34:25 Gold Shaft Mining
34:26 Stone Shaft Mining
33:38 Elite War Elephant
38:38 Bloodlines
38:29 Husbandry
39:05 Plate Barding Armor
39:57 Coinage
41:39 Banking
42:37 Town Patrol
43:56 Caravan
52:09 Kamandaran
52:01 Fletching
52:12 Padded Archer Armor
52:29 Crossbowman
53:16 Thumb Ring
53:08 Bodkin Arrow
54:27 Leather Archer Armor
André
10:32 Feudal Age
11:11 Double-Bit Axe
15:06 Castle Age
13:07 Horse Collar
23:35 Loom
26:47 Imperial Age
25:33 Ballistics
25:29 Fletching
27:15 Padded Archer Armor
27:27 Town Watch
27:48 Bodkin Arrow
28:24 Masonry
28:53 Yeomen
30:11 Leather Archer Armor
31:17 Conscription
32:23 Bow Saw
32:17 Heavy Plow
33:58 Bracer
35:38 Ring Archer Armor
35:59 Elite Longbowman
40:45 Chemistry
43:39 Caravan
46:33 Forging
46:24 Scale Mail Armor
46:50 Pikeman
47:31 Squires
47:16 Gambesons
47:16 Arson
47:36 Halberdier
51:47 Iron Casting
51:28 Chain Mail Armor
52:24 Architecture
Avalentino
1:17 Loom
12:02 Feudal Age
17:50 Castle Age
18:20 Wheelbarrow
17:48 Double-Bit Axe
17:46 Horse Collar
19:53 Town Watch
25:33 Bow Saw
25:26 Heavy Plow
28:23 Forging
28:14 Scale Mail Armor
31:07 Imperial Age
29:37 Fletching
29:45 Gold Mining
29:46 Stone Mining
30:35 Ballistics
29:56 Treadmill Crane
31:10 Padded Archer Armor
31:05 Bodkin Arrow
31:21 Forging
31:12 Scale Mail Armor
32:33 Conscription
33:48 Chemistry
33:35 Hand Cart
33:35 Bracer
33:50 Leather Archer Armor
34:07 Thumb Ring
34:57 Caravan
35:50 Pikeman
36:30 Squires
36:16 Arson
38:08 Bombard Tower
38:01 Guilds
38:22 Coinage
38:29 Iron Casting
38:09 Chain Mail Armor
38:25 Ring Archer Armor
41:21 Blast Furnace
40:52 Plate Mail Armor
39:51 Elite Skirmisher
41:48 Pirotechnia
41:58 Silk Road
40:59 Elite Genoese Crossbowman
42:15 Hoardings
42:20 Block Printing
42:17 Fervor
42:44 Theocracy
42:16 Onager
44:17 Scale Barding Armor
45:52 Light Cavalry
46:43 Bloodlines
46:33 Husbandry
45:54 Cavalier
47:42 Hussar
48:50 Chain Barding Armor
52:02 Crossbowman
52:36 Arbalester
King_Cyrus
0:26 Loom
18:24 Feudal Age
19:42 Wheelbarrow
18:55 Double-Bit Axe
19:01 Gold Mining
18:53 Horse Collar
23:15 Castle Age
22:23 Fishing Lines
25:19 Gillnets
30:26 Hand Cart
30:31 Bow Saw
31:25 Pikeman
31:52 Arson
31:52 Gambesons
32:07 Squires
32:56 Heavy Plow
35:36 Imperial Age
33:19 Forging
33:09 Scale Mail Armor
35:54 Iron Casting
35:19 Scale Mail Armor
35:41 Halberdier
38:09 Caravan
39:11 Blast Furnace
38:26 Chain Mail Armor
41:41 Onager
42:37 Man-at-Arms
43:18 Long Swordsman
45:22 Two-Handed Swordsman
Connection lost

Rejoining the realm…

Still unreachable

The connection could not be restored.

Session expired

The server has moved on; the page needs a fresh start.